 Dungeon Crawl Stone Soup version 0.32-a0-473-gd044c6f0f0 (webtiles) character file.

Game seed: 17270584510229885992

1229 ezpacito the Trooper (level 8, 0/61 HPs)
             Began as a Demonspawn Chaos Knight on Feb 25, 2024.
             Was a Plaything of Xom.
             Succumbed to a water moccasin's poison
             ... on level 8 of the Dungeon.
             The game lasted 00:07:18 (5271 turns).

ezpacito the Trooper (Demonspawn Chaos Knight)      Turns: 5271, Time: 00:07:19

Health: 0/61       AC: 17    Str: 13 (15) XL:     8   Next: 24%
Magic:  10/10      EV:  7    Int: 10 (13) God:    Xom [..*...]
Gold:   212        SH:  6    Dex: 10 (12) Spells: 10/10 levels left

rFire   . . .        a - +0 hand axe (chaos)
rCold   . . .        k - orb {light}
rNeg    + . .        e - +3 chain mail
rPois   .            h - +0 helmet
rElec   .            g - +2 cloak
rCorr   .            i - +0 pair of gloves
SInv    .            (no boots)
Will    .....        (no amulet) Stlth
                     r - ring of positive energy
HPRegen 0.30/turn    (no ring)
MPRegen 0.24/turn

%: no passive effects
@: lethally poisoned (0 -> -7), glowing
A: claws 2, large bone plates 2, magic regeneration, inability to read after
injury 1
a: Renounce Religion


You were on level 8 of the Dungeon.
You worshipped Xom.
You were a toy of Xom.
You visited 1 branch of the dungeon, and saw 7 of its levels.

You collected 212 gold pieces.

Inventory:

Hand Weapons
 a - a +0 hand axe of chaos (weapon)
 d - a +0 war axe
 n - a +1 battleaxe
Missiles
 u - 2 curare-tipped darts (quivered)
 w - 6 boomerangs
 x - 8 poisoned darts
Armour
 e - a +3 chain mail (worn)
 g - a +2 cloak (worn)
 h - a +0 helmet (worn)
 i - a +0 pair of gloves (worn)
 k - an orb of light (worn)
 y - a +0 tower shield
Magical Staves
 f - a staff of alchemy
Jewellery
 r - a ring of positive energy (left hand)
Talismans
 m - a blade talisman
Wands
 c - a wand of light (7)
 p - a wand of flame (4)
Scrolls
 l - 3 scrolls of teleportation
 q - 2 scrolls of amnesia
Potions
 o - a potion of enlightenment
 v - a potion of heal wounds {unknown}


   Skills:
 * Level 4.5 Fighting
 * Level 4.1(4.3) Axes
 + Level 1.8(3.2) Polearms
 + Level 1.2 Throwing
 * Level 3.6 Armour
 * Level 3.2 Dodging
 + Level 1.8 Stealth
 + Level 1.3 Shields
 * Level 2.7 Unarmed Combat
 + Level 1.6 Spellcasting
 + Level 1.7 Alchemy
 + Level 2.0 Evocations
 + Level 1.2 Shapeshifting


You had 10 spell levels left.
You didn't know any spells.
Your spell library contained the following spells:

 Spells                   Type           Power      Damage    Failure   Level
 Ensorcelled Hibernation  Hex/Ice        0%         N/A       100%        2
 Passwall                 Erth           0%         N/A       100%        3
 Swiftness                Air            0%         N/A       100%        3


Dungeon Overview and Level Annotations

Branches:
Dungeon (8/15)
 Temple: D:4-7         Lair: D:8-11

Altars:
Nemelex Xobeh
Okawaru
Qazlal
Ru
Uskayaw
Wu Jian

Shops:
D:5 *


Innate Abilities, Weirdness & Mutations

You have very sharp fingernails.
You are mostly covered in large bone plates. (SH +6)
You regenerate magic rapidly.
You occasionally lose the ability to read scrolls when taking damage.


Message History

You hit the killer bee.
The killer bee appears confused.
The killer bee is severely wounded.
You barely miss the water moccasin.
You feel very sick. The killer bee barely misses you.
The water moccasin bites you.
* * * LOW HITPOINT WARNING * * *
You are lethally poisoned!
The water moccasin poisons you!
The killer bee closely misses the water moccasin.
The water moccasin closely misses you.
The killer bee barely misses the water moccasin.
You slash the killer bee!
You kill the killer bee!
You hit the water moccasin but do no damage.
The dead are flying!
* * * LOW HITPOINT WARNING * * *
You feel very sick.
The water moccasin bites you but does no damage.
The killer bee barely misses you. The water moccasin closely misses you.
It was a potion of magic.
Magic courses through your body.
* * * LOW HITPOINT WARNING * * *
You feel very sick.
The killer bee stings you but does no damage.
Your killer bee zombie misses the water moccasin.
The water moccasin bites you but does no damage.
The killer bee stings you but does no damage.
It was a potion of degeneration.
There was something very wrong with that liquid.
You feel weakened.
You feel dopey.
You feel clumsy.
Xom roars with laughter!
* * * LOW HITPOINT WARNING * * *
You feel very sick.
Your killer bee zombie hits the water moccasin.
The killer bee barely misses you.
The water moccasin bites you but does no damage.
Your killer bee zombie completely misses the water moccasin.
The killer bee stings you but does no damage.
It was a potion of cancellation.
You feel magically purged.
You die...
Xom giggles madly!

########.###...............#
# ..# #.##............#
....... #............# .
....### ##+#'####....# .+
.....###.###.#.######### ..
.......................
.###+#+#.#...###Z#####....
#....Sy.# .. #.###@#.# #$#.#
#.# # ..# ..# .... ##.# #.#


You could see a water moccasin (strong, drained, ally target), a killer bee and
a friendly killer bee zombie.

Vanquished Creatures
  2 ice beasts
  A centaur (D:5)
  A phantom (D:5)
  A kobold brigand (D:3)
  A gnoll sergeant (D:8)
  A scorpion (D:5)
  3 killer bees (D:8)
  A bombardier beetle (D:3)
  An orc priest (D:4)
  2 sleepcaps
  An iguana (D:5)
  5 orc wizards
  Terence (D:3)
  Robin (D:2)
  7 adders
  9 gnolls
  A white imp (D:7)
  A ribbon worm (D:2)
  2 dart slugs
  11 orcs
  3 bats
  5 endoplasms
  17 goblins
  13 hobgoblins
  3 jackals (D:2)
  2 quokkas
  6 ball pythons
  A frilled lizard (D:3)
  14 kobolds
  3 rats
120 creatures vanquished.

Vanquished Creatures (collateral kills)
  A kobold brigand (D:3)
1 creature vanquished.

Vanquished Creatures (others)
  An orc zombie (D:3)
1 creature vanquished.

Grand Total: 122 creatures vanquished

Notes
Turn   | Place    | Note
-------+----------+-------------------------------------------
     0 | D:1      | ezpacito the Demonspawn Chaos Knight began the quest for
                  | the Orb.
     0 | D:1      | Reached XP level 1. HP: 18/18 MP: 1/1
   212 | D:1      | Reached skill level 1 in Dodging
   282 | D:1      | Gained mutation: You are partially covered in large bone
                  | plates. (SH +4) [demonic ancestry]
   282 | D:1      | Reached XP level 2. HP: 24/24 MP: 2/2
   303 | D:1      | XOM: silly message
   330 | D:1      | XOM: divination: magic mapping
   714 | D:1      | XOM: noise
   760 | D:1      | Reached XP level 3. HP: 29/29 MP: 3/3
   954 | D:2      | XOM: give mutation
   954 | D:2      | Gained mutation: You occasionally lose the ability to read
                  | scrolls when taking damage. [Xom's mischief]
   962 | D:2      | Reached skill level 1 in Unarmed Combat
   999 | D:2      | XOM: 5-stop teleportation journey
  1002 | D:2      | XOM: enchant monster (bad)
  1217 | D:2      | Found a faded altar of an unknown god.
  1219 | D:2      | Noticed Robin
  1226 | D:2      | Gained mutation: You are mostly covered in large bone
                  | plates. (SH +6) [demonic ancestry]
  1226 | D:2      | Reached XP level 4. HP: 33/35 MP: 4/4
  1242 | D:2      | Killed Robin
  1331 | D:2      | XOM: 3-stop teleportation journey
  1503 | D:2      | XOM: summons 1 hostile shadow creature
  2194 | D:3      | Gained mutation: You have sharp fingernails. [demonic
                  | ancestry]
  2194 | D:3      | Reached XP level 5. HP: 32/41 MP: 6/6
  2355 | D:3      | Noticed Terence
  2363 | D:3      | HP: 2/41 [Terence/+0 morningstar (14)]
  2368 | D:3      | Killed Terence
  2369 | D:3      | Reached skill level 1 in Stealth
  2515 | D:3      | Found a sparkling altar of Nemelex Xobeh.
  2600 | D:3      | XOM: god gift: 2 curare-tipped darts
  2651 | D:3      | XOM: god gift: scroll labelled UNITIQ QOULOCE {god gift}
  2664 | D:3      | Found a sacrificial altar of Ru.
  2665 | D:3      | Found an iron altar of Okawaru.
  2812 | D:3      | Reached skill level 1 in Polearms
  2812 | D:3      | Reached skill level 1 in Spellcasting
  2812 | D:3      | Reached skill level 1 in Evocations
  2929 | D:3      | XOM: divination: detect creatures
  2938 | D:3      | Reached XP level 6. HP: 48/48 MP: 7/7
  3235 | D:3      | XOM: god gift: morningstar {god gift}
  3348 | D:4      | Reached skill level 1 in Alchemy
  3357 | D:4      | XOM: noise
  3480 | D:4      | Found an ornate altar of the Wu Jian Council.
  3618 | D:4      | XOM: noise
  3995 | D:4      | Noticed an ice beast
  4002 | D:4      | XOM: cast spell 'Death Channel'
  4009 | D:4      | Killed an ice beast
  4010 | D:4      | Gained mutation: You have very sharp fingernails. [demonic
                  | ancestry]
  4010 | D:4      | Reached XP level 7. HP: 10/54 MP: 8/8
  4563 | D:5      | Entered Level 5 of the Dungeon
  4602 | D:5      | XOM: cast spell 'Animate Armour'
  4613 | D:5      | Reached skill level 1 in Shields
  4613 | D:5      | Reached skill level 1 in Shapeshifting
  4621 | D:5      | Found Dewkirch's Assorted Antiques.
  4653 | D:5      | Reached skill level 1 in Throwing
  4686 | D:5      | Found a hide-covered altar of Uskayaw.
  4847 | D:5      | XOM: silly message
  5151 | D:5      | You fall into a shaft and drop 2 floors!
  5184 | D:8      | Found a stormy altar of Qazlal.
  5225 | D:8      | Gained mutation: You regenerate magic rapidly. [demonic
                  | ancestry]
  5225 | D:8      | Reached XP level 8. HP: 34/61 MP: 10/10
  5270 | D:8      | HP: 2/61 [poisoned by a water moccasin]
  5271 | D:8      | Succumbed to a water moccasin's poison

Illustrated notes

Levels and vault maps discovered:
D:1:      sevenhm_arrival_forest_fort_small_4, layout_loops_corners,
          grunt_decor_fettered
D:2:      layout_basic, ebering_ecumenical_altar_petrified, minivault_14,
          uniq_robin
D:3:      cheibrodos_thug_alley, layout_loops_ring,
          mainiacjoe_overflow_alcove_1, zin_scriptorium,
          grunt_temple_overflow_open, uniq_terence
D:4:      layout_basic, mainiacjoe_overflow_concentric_impassable,
          nicolae_houndstooth_variations
D:5:      layout_cave_pods, old_standard_altar, serial_shops,
          nicolae_take_the_stairs, palyth_stone_intersect, kennysheep_nub
D:7:      layout_basic, mainiacjoe_overflow_small_starburst,
          minmay_temple_entry_waves, serial_shops, shop, shop, minmay_ruffians,
          uniq_pikel
D:8:      layout_basic, nicolae_qazlal_scattered_showers, enter_bailey_2

Skill      XL: |  1  2  3  4  5  6  7  8 |
---------------+-------------------------+-----
Dodging        | 1 2 3 |  3.2
Armour         | 2 3 |  3.6
Unarmed Combat | 1 2 |  2.7
Axes           | 3 4 |  4.1
Stealth        | 1 |  1.8
Polearms       | 1 |  1.8
Spellcasting   | 1 |  1.6
Evocations     | 1 2 |  2.0
Alchemy        | 1 |  1.7
Fighting       | 4 |  4.5
Shields        | 1 |  1.3
Shapeshifting  | 1 |  1.2
Throwing       | 1 |  1.2

Action                     |  1- 3 |  4- 6 |  7- 9 || total
---------------------------+-------+-------+-------++-------
  Melee: Hand axe          |    91 |   183 |   128 ||   402
  Evoke: Wand              |       |       |     6 ||     6
    Use: Scroll            |     1 |    10 |       ||    11
         Potion            |     1 |       |     5 ||     6
   Stab: Confused          |       |     1 |     1 ||     2
         Paralysed         |       |     1 |     1 ||     2
         Petrified         |       |       |    14 ||    14
         Petrifying        |       |       |     1 ||     1
 Armour: Leather armour    |    52 |    95 |       ||   147
         Chain mail        |       |    29 |   154 ||   183
  Dodge: Dodged            |    48 |    92 |    58 ||   198
  Block: Other             |     9 |       |       ||     9

Table legend: (Time is in decaauts)
 A = Elapsed time spent in this place.
 B = Non-inter-level travel time spent in this place.
 C = Inter-level travel time spent in this place.
 D = Time resting spent in this place.
 E = Time spent auto-exploring this place.
 F = Levels seen in this place.
 G = Mean time per level.
                   A        B        C        D        E       F      G
               +--------+--------+--------+--------+--------+-----+--------+
         Total |   5343 |   4959 |    384 |    231 |   3734 |   7 |  763.3 |
       Dungeon |   5343 |   4959 |    384 |    231 |   3734 |   7 |  763.3 |
               +--------+--------+--------+--------+--------+-----+--------+

Top non-repeatable levels by time:
     D:4: 1317 daAuts
     D:2: 1208 daAuts
     D:3: 1155 daAuts
     D:1: 943 daAuts
     D:5: 594 daAuts
     D:8: 99 daAuts
     D:7: 24 daAuts
